 Dungeon Crawl Stone Soup version 0.29-a0-275-g389c0b56f3 (webtiles) character file.

Game seed: 12600205738088032653

87 Armakuni the Skirmisher (level 4, -5/39 HPs)
             Began as a Human Wanderer on Mar 11, 2022.
             Slain by a phantom (6 damage)
             ... on level 4 of the Dungeon.
             The game lasted 00:05:52 (2737 turns).

Armakuni the Skirmisher (Human Wanderer)            Turns: 2737, Time: 00:05:52

Health: -5/39      AC:  5    Str: 18    XL:     4   Next: 80%
Magic:  4/4        EV: 11    Int: 10    God:
Gold:   126        SH:  0    Dex: 11    Spells: 3/3 levels left

rFire   . . .      SeeInvis .   a - +4 dagger
rCold   . . .      Faith    .   (no shield)
rNeg    . . .      Spirit   .   e - +0 leather armour
rPois   .          Reflect  .   (no helmet)
rElec   .          Harm     .   h - +0 cloak
rCorr   .          Rampage  .   (no gloves)
Will    .....                   f - +0 pair of boots
Stlth   +.........              (no amulet)
HPRegen 0.13/turn               (no ring)
MPRegen 0.09/turn               (no ring)

@: no status effects
A: no striking features
a: no special abilities


You were on level 4 of the Dungeon.
You visited 1 branch of the dungeon, and saw 4 of its levels.

You collected 126 gold pieces.

Inventory:

Hand Weapons
 a - a +4 dagger (weapon)
 l - a +0 rapier
Missiles
 b - 2 curare-tipped darts
 g - 9 poisoned darts (quivered)
Armour
 e - a +0 leather armour (worn)
 f - a +0 pair of boots (worn)
 h - a +0 cloak (worn)
 k - a +0 scale mail
Wands
 p - a wand of polymorph (3)
Scrolls
 d - a scroll of blinking
 n - a scroll of teleportation
Potions
 c - a potion of might {unknown}
 i - 2 potions of curing
 m - a potion of attraction {unknown}


   Skills:
 - Level 5.0 Fighting
 - Level 3.0 Throwing
 + Level 2.2 Armour
 + Level 1.7 Dodging
 - Level 1.0 Stealth
 - Level 1.0 Evocations


You had 3 spell levels left.
You didn't know any spells.
Your spell library contained the following spells:

 Spells                   Type           Power      Damage    Failure   Level
 Freeze                   Ice            0%         1d3       41%         1
 Frozen Ramparts          Ice            0%         1d2       80%         3
 Hailstorm                Conj/Ice       0%         3d3       99%         4
 Olgreb's Toxic Radiance  Pois           0%         N/A       99%         4
 Ozocubu's Refrigeration  Ice            0%         4d5       100%        7
 Ignition                 Fire           0%         3d3       100%        8


Dungeon Overview and Level Annotations

Branches:
Dungeon (4/15)
 Temple: D:4-7

Altars:
Ru
Zin

Annotations:
D:4 Blork the orc


Message History

The phantom barely misses you.
You hit the phantom.
The phantom is almost destroyed.
The phantom hits you.
You hit the phantom.
The phantom is almost destroyed.
The phantom hits you!
The phantom blinks!
You blink.
You closely miss the phantom.
The phantom is almost destroyed.
The phantom hits you.
* * * LOW HITPOINT WARNING * * *
You hit the phantom but do no damage.
The phantom is almost destroyed.
The phantom hits you but does no damage.
You completely miss the phantom.
The phantom is almost destroyed.
The phantom hits you.
* * * LOW HITPOINT WARNING * * *
You closely miss the phantom.
The phantom is almost destroyed.
The phantom closely misses you.
You hit the phantom.
The phantom is almost destroyed.
The phantom barely misses you.
You barely miss the phantom.
The phantom is almost destroyed.
The phantom hits you.
* * * LOW HITPOINT WARNING * * *
You closely miss the phantom.
The phantom is almost destroyed.
The phantom completely misses you.
You closely miss the phantom.
The phantom is almost destroyed.
The phantom hits you.
* * * LOW HITPOINT WARNING * * *
The phantom blinks!
You blink.
You closely miss the phantom.
The phantom is almost destroyed.
The phantom hits you.
You die...

######..........
......$.........
......#.#.#####. ..#
o.....#.#.# #...#
#####...#.# . #...#
##.#.# #. ...# ##.#..
#.##... #####<.#####.#
...#.#
####W@.†§.......# #
#...#
#....####.#####.#
..#...### #.#.......#
........####.#.......#
.............#...†...#
.....................#
.....#....####.......#
........#.####.......#
##......#..#......##.#


You could see a phantom.

Vanquished Creatures
  4 adders
  3 worms
  2 dart slugs
  An orc (D:4)
  3 ball pythons
  6 bats
  2 endoplasms (D:1)
  A giant cockroach (D:2)
  4 goblins
  3 hobgoblins
  3 quokkas
  5 kobolds
  3 rats (D:2)
40 creatures vanquished.

Notes
Turn   | Place    | Note
-------+----------+-------------------------------------------
     0 | D:1      | Armakuni the Human Wanderer began the quest for the Orb.
     0 | D:1      | Armakuni set off with the following items: a +3 dagger, 4
                  | curare-tipped darts, a wand of polymorph (3), a scroll of
                  | blinking, a +0 leather armour
     0 | D:1      | Reached XP level 1. HP: 19/19 MP: 1/1
   352 | D:1      | Reached XP level 2. HP: 24/26 MP: 2/2
  1275 | D:2      | Reached XP level 3. HP: 32/32 MP: 3/3
  1322 | D:2      | Reached skill level 5 in Fighting
  1963 | D:2      | Reached skill level 1 in Dodging
  1963 | D:2      | Reached XP level 4. HP: 39/39 MP: 4/4
  2053 | D:2      | Found a faded altar of an unknown god.
  2162 | D:2      | Found a sacrificial altar of Ru.
  2236 | D:3      | Noticed a phantom
  2311 | D:3      | Found a glowing silver altar of Zin.
  2312 | D:3      | Noticed an angel
  2720 | D:4      | Noticed Blork the orc
  2736 | D:4      | HP: 1/39 [phantom (5)]
  2737 | D:4      | Slain by a phantom

Illustrated notes

Levels and vault maps discovered:
D:1:      sevenhm_arrival_forest_fort_large_4, layout_basic, minivault_23,
          serial_bayou_pond_b
D:2:      minmay_chambers_of_ones, layout_basic,
          dilly_ecumenical_altar_fadedgnrine, basic_altar,
          chequers_serial_rivers_small_a
D:3:      layout_loops_ring, zin_angel, portal_sewer_entry_f, chequers_jeans,
          grunt_ministairs_10
D:4:      layout_rooms, minmay_temple_entry_tees, roderic_lattice_a,
          hangedman_decor_lopped, uniq_blork_the_orc

Skill      XL: |  1  2  3  4 |
---------------+-------------+-----
Fighting       | 5 |  5.0
Dodging        | 1 |  1.7
Armour         | 2 |  2.2
Throwing       | |  3.0
Stealth        | |  1.0
Evocations     | |  1.0

Action                   |  1- 3 |  4- 6 || total
-------------------------+-------+-------++-------
Melee: Dagger            |    88 |    72 ||   160
       Punch             |     2 |       ||     2
Throw: Dart              |     4 |     6 ||    10
  Use: Scroll            |     1 |     4 ||     5
       Potion            |       |     1 ||     1
 Stab: Sleeping          |     1 |     1 ||     2
Armor: Leather armour    |    29 |    25 ||    54
Dodge: Dodged            |    45 |    45 ||    90

Table legend: (Time is in decaauts)
 A = Elapsed time spent in this place.
 B = Non-inter-level travel time spent in this place.
 C = Inter-level travel time spent in this place.
 D = Time resting spent in this place.
 E = Time spent auto-exploring this place.
 F = Levels seen in this place.
 G = Mean time per level.
                   A        B        C        D        E       F      G
               +--------+--------+--------+--------+--------+-----+--------+
         Total |   2742 |   2653 |     89 |    242 |   1814 |   4 |  685.5 |
       Dungeon |   2742 |   2653 |     89 |    242 |   1814 |   4 |  685.5 |
               +--------+--------+--------+--------+--------+-----+--------+

Top non-repeatable levels by time:
     D:1: 1235 daAuts
     D:2: 1050 daAuts
     D:4: 340 daAuts
     D:3: 117 daAuts
